Flyers vs Panthers

Created - March 11, 2015 at 19:33

Goals
1 2 3 T
Flyers 1 2 0 3
Panthers 1 2 1 4
Shots
1 2 3 T
Flyers 3 7 14 24
Panthers 8 16 11 35

1st period

1. Flyers , Kyle Okposo 42 (Marek Zidlicky, Philip Larsen) at 4:32
2. Panthers , Bryan Little 30 (Rick Nash, T.J. Brodie) at 9:57

Penalties :
Danny DeKeyser (FLA) for Hooking (Minor) at 15:45

2nd period

3. Panthers , Mark Scheifele 6 (Dan Hamhuis, Hampus Lindholm) at 2:04
4. Panthers , Matt Duchene 21 (Nathan MacKinnon, Hampus Lindholm) at 4:36 (PP)
5. Flyers , Kyle Okposo 43 (Tom Gilbert, Daniel Sedin) at 9:29
6. Flyers , Dany Heatley 8 (Joel Ward) at 9:47

Penalties :
Philip Larsen (PHI) for Roughing (Minor) at 2:24, Mark Fistric (PHI) for Roughing (Minor) at 3:20, Carlo Colaiacovo (PHI) for Roughing (Minor) at 13:19, Danny DeKeyser (FLA) for Hooking (Minor) at 19:38

3rd period

7. Panthers , Nathan MacKinnon 18 (Niklas Hjalmarsson) at 18:10

Penalties :
Dan Hamhuis (FLA) for Tripping (Minor) at 2:06

Goalie Stats

Frederik Andersen (PHI), 31 saves from 35 shots - (0.886), L, 20-23-3, 59:48 minutes
Ben Bishop (FLA), 21 saves from 24 shots - (0.875), W, 32-19-6, 60:00 minutes

Players Stats for Flyers

Player Name              G  A  P  +/- PIM S  H  SB GA TA FO     MP     PP MP  PK MP  
------------------------------------------------------------------------------------
Brian Gibbons            0  0  0   0  0   0  0  0  0  0  0/0     4:04   0:03   0:14 
Carlo Colaiacovo         0  0  0  -1  2   0  5  1  0  0  0/0    19:00   0:00   0:00 
Damien Brunner           0  0  0   1  0   2  0  0  0  0  6/25   17:36   0:00   0:00 
Dan Boyle                0  0  0  -1  0   2  3  3  0  0  0/0    25:58   3:48   1:15 
Daniel Sedin             0  1  1   1  0   5  2  0  0  0  1/4    23:05   3:19   1:34 
Dany Heatley             1  0  1   0  0   1  1  0  0  0  1/1    16:53   0:00   0:00 
Gabriel Bourque          0  0  0  -1  0   1  0  0  0  0  0/0    11:00   0:00   0:00 
Jack Skille              0  0  0  -1  0   0  1  0  0  0  0/0    11:00   0:00   0:00 
Joel Ward                0  1  1   0  0   2  1  0  0  0  2/2    22:04   3:19   1:52 
Kyle Brodziak            0  0  0   0  0   1  0  0  0  0  4/8     9:02   2:38   2:37 
Kyle Okposo              2  0  2   1  0   5  0  0  0  0  3/6    21:59   3:16   0:31 
Marek Zidlicky           0  1  1   1  0   1  1  0  0  0  0/0    22:43   2:09   2:42 
Mark Fistric             0  0  0   0  2   1  2  2  0  0  0/0    17:23   2:06   2:18 
Mike Ribeiro             0  0  0   0  0   0  1  0  0  0  9/21   19:31   2:38   0:00 
Nathan Gerbe             0  0  0   0  0   0  1  0  0  0  0/0     5:23   0:00   0:45 
Olli Jokinen             0  0  0  -1  0   2  2  0  0  0  4/10   13:23   2:38   0:00 
Philip Larsen            0  1  1   1  2   0  0  2  0  0  0/0    16:13   0:03   0:13 
Tom Gilbert              0  1  1   0  0   1  0  2  0  0  0/0    18:26   3:48   1:39 

Players Stats for Panthers

Player Name              G  A  P  +/- PIM S  H  SB GA TA FO     MP     PP MP  PK MP  
------------------------------------------------------------------------------------
Bryan Little             1  0  1  -1  0   3  1  0  0  0  16/28  20:48   1:59   1:26 
Dan Hamhuis              0  1  1   0  2   3  0  0  0  0  0/0    14:17   2:25   0:58 
Danny DeKeyser           0  0  0   1  4   1  3  3  0  0  0/0    21:23   1:46   1:06 
Hampus Lindholm          0  2  2   0  0   0  0  1  0  0  0/0    15:54   2:25   0:39 
Henrik Zetterberg        0  0  0   1  0   2  1  1  0  0  2/6    24:46   1:59   3:50 
Justin Braun             0  0  0  -1  0   1  1  0  0  0  0/0    20:46   0:00   2:17 
Marian Hossa             0  0  0  -1  0   3  0  0  0  0  0/0    17:23   0:00   0:00 
Mark Scheifele           1  0  1   0  0   4  0  0  0  0  6/10   14:31   0:00   0:23 
Matt Duchene             1  0  1   1  0   6  2  0  0  0  21/28  21:59   2:12   1:26 
Nathan MacKinnon         1  1  2   1  0   3  0  0  0  0  1/1    20:33   2:12   0:00 
Niklas Hjalmarsson       0  1  1   1  0   3  1  1  0  0  0/0    22:36   0:00   3:27 
Pascal Dupuis            0  0  0   0  0   0  0  0  0  0  0/0     7:33   0:00   4:15 
Patric Hornqvist         0  0  0   0  0   5  2  0  0  0  1/3    13:36   2:12   0:34 
Rick Nash                0  1  1  -1  0   1  0  0  0  0  0/1    18:46   1:59   0:00 
Rob Klinkhammer          0  0  0   0  0   0  0  0  0  0  0/0     3:18   0:00   0:00 
Ryane Clowe              0  0  0   0  0   0  1  0  0  0  0/0    10:50   0:00   0:00 
Sami Salo                0  0  0   0  0   0  0  0  0  0  0/0     4:59   0:00   3:04 
T.J. Brodie              0  1  1  -1  0   0  0  2  0  0  0/0    20:02   1:46   0:23 

3 Stars

1 - Kyle Okposo (PHI)
2 - Nathan MacKinnon (FLA)
3 - Matt Duchene (FLA)

Power Play

Flyers - 0 on 3 Attempt(s) - 0.00%
Panthers - 1 on 3 Attempt(s) - 33.33%

Penalty Kill

Flyers - 2 on 3 Attempt(s) - 66.67% - Score 0 goal in Penalty Kill
Panthers - 3 on 3 Attempt(s) - 100.00% - Score 0 goal in Penalty Kill

Team Stat

Flyers - Hits : 20 - Faceoff Wins : 30 - Blocked Shots : 10 - Penalty Minutes : 6
Panthers - Hits : 12 - Faceoff Wins : 47 - Blocked Shots : 8 - Penalty Minutes : 6

Official

Referees : Marc Joannette and Mike Hasenfratz
Linesman : Brad Lazarowich and Shane Heyer

Game Notes

No Game Note

Finance

Level 1 -- Attendance: 5877 (97.95%) -- Ticket Income $628,839
Level 2 -- Attendance: 4958 (99.16%) -- Ticket Income $381,766
Level 3 -- Attendance: 3317 (94.77%) -- Ticket Income $172,484
Level 4 -- Attendance: 2969 (79.17%) -- Ticket Income $74,225
Luxury Box -- Attendance: 1000 (100.00%) -- Ticket Income $200,000
Game was played at the BBT Center'
Total Attendance: 18121 (94.14%)
Total Ticket Income: $1,457,314
Other Income: $218,597
Total Income: $1,675,911

% Time on Ice - Flyers

Lines # - Real PCT - Wanted PCT - Time Play
Normal Forward
1 - 36% - 40% - 17:36
2 - 34% - 35% - 16:53
3 - 22% - 20% - 11:00
4 - 8% - 5% - 3:47
Normal Defense
1 - 39% - 45% - 19:01
2 - 32% - 30% - 15:58
3 - 26% - 15% - 12:59
4 - 3% - 10% - 1:18
PP Forward
1 - 56% - 60% - 3:19
2 - 44% - 40% - 2:38
PP Defense
1 - 64% - 60% - 3:48
2 - 36% - 40% - 2:09
PK Forward
1 - 84% - 60% - 2:37
2 - 16% - 40% - 0:31
PK Defense
1 - 81% - 60% - 2:32
2 - 19% - 40% - 0:36
PK3 Forward
1 - 100% - 60% - 1:03
2 - 0% - 40% - 0:00
PK3 Defense
1 - 100% - 60% - 1:03
2 - 0% - 40% - 0:00
44 Forward
1 - 0% - 60%
2 - 0% - 40%
44 Defense
1 - 0% - 60%
2 - 0% - 40%
Last Minute Offensive  - 0:36
Last Minute Defensive  - 0:00
Total
Forward - 60:00
Defense - 60:00

% Time on Ice - Panthers

Lines # - Real PCT - Wanted PCT - Time Play
Normal Forward
1 - 37% - 40% - 18:21
2 - 34% - 35% - 16:47
3 - 22% - 20% - 10:50
4 - 7% - 5% - 3:18
Normal Defense
1 - 38% - 40% - 18:33
2 - 36% - 35% - 17:53
3 - 22% - 20% - 10:55
4 - 4% - 5% - 1:55
PP Forward
1 - 53% - 50% - 2:12
2 - 47% - 50% - 1:59
PP Defense
1 - 58% - 60% - 2:25
2 - 42% - 40% - 1:46
PK Forward
1 - 76% - 60% - 4:31
2 - 24% - 40% - 1:26
PK Defense
1 - 69% - 60% - 4:06
2 - 31% - 40% - 1:51
PK3 Forward
1 - 0% - 65%
2 - 0% - 35%
PK3 Defense
1 - 0% - 60%
2 - 0% - 40%
44 Forward
1 - 0% - 60%
2 - 0% - 40%
44 Defense
1 - 0% - 60%
2 - 0% - 40%
Last Minute Offensive  - 0:00
Last Minute Defensive  - 0:36
Total
Forward - 60:00
Defense - 60:00

Play by Play

1st period


0:01 of 1st period - Matt Duchene wins face-off versus Damien Brunner in neutral zone.
1:12 of 1st period - Icing by Justin Braun.
1:13 of 1st period - Bryan Little wins face-off versus Olli Jokinen in Panthers zone.
1:13 of 1st period - Bryan Little is hit by Jack Skille.
1:57 of 1st period - Shot by Marian Hossa.
1:57 of 1st period - Stopped by Frederik Andersen with a rebound.
2:07 of 1st period - Shot by Patric Hornqvist.
2:07 of 1st period - Shot Blocked by Tom Gilbert.
2:09 of 1st period - Shot by Ryane Clowe.
2:09 of 1st period - Shot Misses the Net.
2:35 of 1st period - Shot by Hampus Lindholm.
2:35 of 1st period - Shot Misses the Net.
2:37 of 1st period - Shot by Hampus Lindholm.
2:37 of 1st period - Shot Misses the Net.
3:18 of 1st period - Shot by Dan Boyle.
3:18 of 1st period - Shot Blocked by Hampus Lindholm.
3:33 of 1st period - Icing by Carlo Colaiacovo.
3:34 of 1st period - Matt Duchene wins face-off versus Mike Ribeiro in Flyers zone.
3:37 of 1st period - Shot by Nathan MacKinnon.
3:37 of 1st period - Shot Misses the Net.
3:39 of 1st period - Shot by Danny DeKeyser.
3:39 of 1st period - Shot Misses the Net.
4:32 of 1st period - Shot by Kyle Okposo.
4:32 of 1st period - Goal by Kyle Okposo - Flyers : 1 - Panthers : 0.
4:33 of 1st period - Bryan Little wins face-off versus Kyle Brodziak in neutral zone.
4:49 of 1st period - Dan Boyle is hit by Justin Braun and loses puck.
4:57 of 1st period - Off-side.
4:58 of 1st period - Mark Scheifele wins face-off versus Damien Brunner in neutral zone.
6:25 of 1st period - Shot by Justin Braun.
6:25 of 1st period - Shot Blocked by Tom Gilbert.
6:27 of 1st period - Shot by T.J. Brodie.
6:27 of 1st period - Shot Misses the Net.
6:56 of 1st period - Icing by Danny DeKeyser.
6:57 of 1st period - Matt Duchene wins face-off versus Damien Brunner in Panthers zone.
7:16 of 1st period - Shot by Daniel Sedin.
7:16 of 1st period - Stopped by Ben Bishop without a rebound.
7:17 of 1st period - Kyle Brodziak wins face-off versus Mark Scheifele in Panthers zone.
7:50 of 1st period - Shot by Patric Hornqvist.
7:50 of 1st period - Shot Misses the Net.
8:26 of 1st period - Shot by Kyle Okposo.
8:26 of 1st period - Shot Misses the Net.
8:28 of 1st period - Shot by Carlo Colaiacovo.
8:28 of 1st period - Shot Misses the Net.
8:30 of 1st period - Shot by Kyle Okposo.
8:30 of 1st period - Stopped by Ben Bishop without a rebound.
8:31 of 1st period - Mike Ribeiro wins face-off versus Bryan Little in Panthers zone.
8:50 of 1st period - Shot by Bryan Little.
8:50 of 1st period - Shot Blocked by Mark Fistric.
8:52 of 1st period - Shot by Justin Braun.
8:52 of 1st period - Shot Misses the Net.
8:54 of 1st period - Shot by Marian Hossa.
8:54 of 1st period - Stopped by Frederik Andersen without a rebound.
8:55 of 1st period - Matt Duchene wins face-off versus Damien Brunner in Flyers zone.
9:17 of 1st period - Matt Duchene is hit by Dan Boyle and loses puck.
9:21 of 1st period - Icing by Dan Boyle.
9:22 of 1st period - Bryan Little wins face-off versus Damien Brunner in Flyers zone.
9:22 of 1st period - Bryan Little is hit by Carlo Colaiacovo.
9:55 of 1st period - Shot by Rick Nash.
9:55 of 1st period - Stopped by Frederik Andersen with a rebound.
9:57 of 1st period - Shot by Bryan Little.
9:57 of 1st period - Goal by Bryan Little - Flyers : 1 - Panthers : 1.
9:58 of 1st period - Matt Duchene wins face-off versus Mike Ribeiro in neutral zone.
11:27 of 1st period - T.J. Brodie is hit by Olli Jokinen and loses puck.
11:49 of 1st period - Icing by Pascal Dupuis.
11:50 of 1st period - Mark Scheifele wins face-off versus Damien Brunner in Panthers zone.
12:17 of 1st period - Shot by Daniel Sedin.
12:17 of 1st period - Shot Misses the Net.
12:45 of 1st period - Shot by Bryan Little.
12:45 of 1st period - Stopped by Frederik Andersen with a rebound.
13:37 of 1st period - Shot by Nathan MacKinnon.
13:37 of 1st period - Stopped by Frederik Andersen without a rebound.
13:38 of 1st period - Mike Ribeiro wins face-off versus Mark Scheifele in Flyers zone.
13:38 of 1st period - Mike Ribeiro is hit by Patric Hornqvist.
14:17 of 1st period - Icing by Dan Boyle.
14:18 of 1st period - Matt Duchene wins face-off versus Mike Ribeiro in Flyers zone.
14:23 of 1st period - Shot by Henrik Zetterberg.
14:23 of 1st period - Stopped by Frederik Andersen without a rebound.
14:24 of 1st period - Matt Duchene wins face-off versus Damien Brunner in Flyers zone.
14:41 of 1st period - Shot by Kyle Okposo.
14:41 of 1st period - Shot Misses the Net.
14:48 of 1st period - Henrik Zetterberg is hit by Mark Fistric and loses puck.
15:38 of 1st period - Olli Jokinen is hit by Danny DeKeyser.
15:43 of 1st period - Gabriel Bourque is hit by Niklas Hjalmarsson and loses puck.
15:45 of 1st period - Minor Penalty to Danny DeKeyser for Hooking.
15:46 of 1st period - Mike Ribeiro wins face-off versus Henrik Zetterberg in Panthers zone.
15:49 of 1st period - Shot by Olli Jokinen.
15:49 of 1st period - Shot Misses the Net.
17:16 of 1st period - Kyle Okposo is hit by Matt Duchene and loses puck.
19:09 of 1st period - Carlo Colaiacovo is hit by Ryane Clowe and loses puck.
19:17 of 1st period - Icing by Carlo Colaiacovo.
19:18 of 1st period - Matt Duchene wins face-off versus Damien Brunner in Flyers zone.
19:19 of 1st period - Shot by Henrik Zetterberg.
19:19 of 1st period - Stopped by Frederik Andersen with a rebound.
19:47 of 1st period - Shot by Mike Ribeiro.
19:47 of 1st period - Shot Misses the Net.
Goals for this period are 1 for Flyers vs 1 for Panthers.
Shots for this period are 3 for Flyers vs 8 for Panthers.

2nd period


0:01 of 2nd period - Matt Duchene wins face-off versus Mike Ribeiro in neutral zone.
0:03 of 2nd period - Henrik Zetterberg is hit by Dan Boyle and loses puck.
0:13 of 2nd period - Shot by Matt Duchene.
0:13 of 2nd period - Shot Misses the Net.
0:18 of 2nd period - Matt Duchene is hit by Dan Boyle and loses puck.
0:43 of 2nd period - Shot by Matt Duchene.
0:43 of 2nd period - Stopped by Frederik Andersen with a rebound.
0:45 of 2nd period - Shot by Matt Duchene.
0:45 of 2nd period - Stopped by Frederik Andersen with a rebound.
1:36 of 2nd period - Shot by Marian Hossa.
1:36 of 2nd period - Shot Blocked by Dan Boyle.
2:02 of 2nd period - Shot by Mark Scheifele.
2:02 of 2nd period - Shot Misses the Net.
2:04 of 2nd period - Shot by Mark Scheifele.
2:04 of 2nd period - Goal by Mark Scheifele - Flyers : 1 - Panthers : 2.
2:05 of 2nd period - Matt Duchene wins face-off versus Damien Brunner in neutral zone.
2:16 of 2nd period - Shot by Nathan MacKinnon.
2:16 of 2nd period - Shot Misses the Net.
2:18 of 2nd period - Shot by Nathan MacKinnon.
2:18 of 2nd period - Shot Misses the Net.
2:24 of 2nd period - Minor Penalty to Philip Larsen for Roughing.
2:25 of 2nd period - Kyle Brodziak wins face-off versus Patric Hornqvist in Flyers zone.
2:58 of 2nd period - Shot by Dan Hamhuis.
2:58 of 2nd period - Shot Blocked by Mark Fistric.
3:20 of 2nd period - Minor Penalty to Mark Fistric for Roughing.
3:21 of 2nd period - Bryan Little wins face-off versus Daniel Sedin in Flyers zone.
3:34 of 2nd period - Shot by Bryan Little.
3:34 of 2nd period - Stopped by Frederik Andersen without a rebound.
3:35 of 2nd period - Bryan Little wins face-off versus Daniel Sedin in Flyers zone.
4:36 of 2nd period - Shot by Matt Duchene.
4:36 of 2nd period - Goal by Matt Duchene - Flyers : 1 - Panthers : 3.
4:37 of 2nd period - Mark Scheifele wins face-off versus Olli Jokinen in neutral zone.
5:03 of 2nd period - Shot by Mark Scheifele.
5:03 of 2nd period - Stopped by Frederik Andersen without a rebound.
5:04 of 2nd period - Matt Duchene wins face-off versus Mike Ribeiro in Flyers zone.
5:25 of 2nd period - Shot by Joel Ward.
5:25 of 2nd period - Shot Misses the Net.
5:36 of 2nd period - Matt Duchene is hit by Mark Fistric and loses puck.
6:02 of 2nd period - Icing by Danny DeKeyser.
6:03 of 2nd period - Damien Brunner wins face-off versus Bryan Little in Panthers zone.
6:12 of 2nd period - Shot by Damien Brunner.
6:12 of 2nd period - Stopped by Ben Bishop without a rebound.
6:13 of 2nd period - Damien Brunner wins face-off versus Mark Scheifele in Panthers zone.
7:09 of 2nd period - Shot by Bryan Little.
7:09 of 2nd period - Shot Hit the Post.
7:17 of 2nd period - Shot by Niklas Hjalmarsson.
7:17 of 2nd period - Stopped by Frederik Andersen without a rebound.
7:18 of 2nd period - Matt Duchene wins face-off versus Olli Jokinen in Flyers zone.
7:18 of 2nd period - Matt Duchene is hit by Carlo Colaiacovo.
7:50 of 2nd period - Nathan MacKinnon is hit by Carlo Colaiacovo and loses puck.
7:55 of 2nd period - Shot by Henrik Zetterberg.
7:55 of 2nd period - Shot Blocked by Carlo Colaiacovo.
8:00 of 2nd period - Henrik Zetterberg is hit by Carlo Colaiacovo and loses puck.
8:37 of 2nd period - Shot by Joel Ward.
8:37 of 2nd period - Stopped by Ben Bishop without a rebound.
8:38 of 2nd period - Mark Scheifele wins face-off versus Kyle Brodziak in Panthers zone.
8:38 of 2nd period - Mark Scheifele is hit by Nathan Gerbe.
8:55 of 2nd period - Shot by Ryane Clowe.
8:55 of 2nd period - Shot Misses the Net.
9:29 of 2nd period - Shot by Kyle Okposo.
9:29 of 2nd period - Goal by Kyle Okposo - Flyers : 2 - Panthers : 3.
9:30 of 2nd period - Matt Duchene wins face-off versus Kyle Okposo in neutral zone.
9:41 of 2nd period - Shot by Nathan MacKinnon.
9:41 of 2nd period - Stopped by Frederik Andersen without a rebound.
9:42 of 2nd period - Joel Ward wins face-off versus Bryan Little in Flyers zone.
9:47 of 2nd period - Shot by Dany Heatley.
9:47 of 2nd period - Goal by Dany Heatley - Flyers : 3 - Panthers : 3.
9:48 of 2nd period - Matt Duchene wins face-off versus Damien Brunner in neutral zone.
9:53 of 2nd period - Shot by Niklas Hjalmarsson.
9:53 of 2nd period - Stopped by Frederik Andersen without a rebound.
9:54 of 2nd period - Damien Brunner wins face-off versus Matt Duchene in Flyers zone.
9:54 of 2nd period - Kyle Okposo is hit by Henrik Zetterberg and loses puck.
10:15 of 2nd period - Shot by Kyle Okposo.
10:15 of 2nd period - Stopped by Ben Bishop without a rebound.
10:16 of 2nd period - Dany Heatley wins face-off versus Rick Nash in Panthers zone.
10:45 of 2nd period - Shot by Joel Ward.
10:45 of 2nd period - Shot Misses the Net.
10:47 of 2nd period - Shot by Mike Ribeiro.
10:47 of 2nd period - Deflect By Dany Heatley.
10:47 of 2nd period - Shot Misses the Net.
10:52 of 2nd period - Icing by T.J. Brodie.
10:53 of 2nd period - Bryan Little wins face-off versus Damien Brunner in Panthers zone.
11:51 of 2nd period - Shot by Olli Jokinen.
11:51 of 2nd period - Stopped by Ben Bishop without a rebound.
11:52 of 2nd period - Patric Hornqvist wins face-off versus Mike Ribeiro in Panthers zone.
12:11 of 2nd period - Shot by Mark Scheifele.
12:11 of 2nd period - Shot Misses the Net.
12:13 of 2nd period - Shot by Hampus Lindholm.
12:13 of 2nd period - Shot Blocked by Philip Larsen.
12:17 of 2nd period - Shot by Ryane Clowe.
12:17 of 2nd period - Deflect By Patric Hornqvist.
12:17 of 2nd period - Stopped by Frederik Andersen with a rebound.
12:19 of 2nd period - Shot by Dan Hamhuis.
12:19 of 2nd period - Stopped by Frederik Andersen without a rebound.
12:20 of 2nd period - Olli Jokinen wins face-off versus Matt Duchene in Flyers zone.
12:20 of 2nd period - Olli Jokinen is hit by Matt Duchene.
12:39 of 2nd period - Shot by Gabriel Bourque.
12:39 of 2nd period - Stopped by Ben Bishop without a rebound.
12:40 of 2nd period - Bryan Little wins face-off versus Damien Brunner in Panthers zone.
13:00 of 2nd period - Icing by Dan Boyle.
13:01 of 2nd period - Matt Duchene wins face-off versus Damien Brunner in Flyers zone.
13:19 of 2nd period - Minor Penalty to Carlo Colaiacovo for Roughing.
13:20 of 2nd period - Kyle Brodziak wins face-off versus Bryan Little in Flyers zone.
13:20 of 2nd period - Kyle Brodziak is hit by Bryan Little.
13:35 of 2nd period - Off-side.
13:36 of 2nd period - Matt Duchene wins face-off versus Kyle Brodziak in neutral zone.
13:38 of 2nd period - Off-side.
13:39 of 2nd period - Matt Duchene wins face-off versus Kyle Brodziak in neutral zone.
13:49 of 2nd period - Shot by Dan Hamhuis.
13:49 of 2nd period - Shot Misses the Net.
14:01 of 2nd period - Shot by Dan Hamhuis.
14:01 of 2nd period - Stopped by Frederik Andersen with a rebound.
14:03 of 2nd period - Shot by Matt Duchene.
14:03 of 2nd period - Deflect By Patric Hornqvist.
14:03 of 2nd period - Stopped by Frederik Andersen without a rebound.
14:04 of 2nd period - Kyle Brodziak wins face-off versus Bryan Little in Flyers zone.
14:34 of 2nd period - Shot by Danny DeKeyser.
14:34 of 2nd period - Stopped by Frederik Andersen without a rebound.
14:35 of 2nd period - Matt Duchene wins face-off versus Daniel Sedin in Flyers zone.
14:44 of 2nd period - Shot by Matt Duchene.
14:44 of 2nd period - Shot Misses the Net.
15:00 of 2nd period - Shot by Dan Hamhuis.
15:00 of 2nd period - Shot Misses the Net.
15:27 of 2nd period - Shot by Bryan Little.
15:27 of 2nd period - Shot Misses the Net.
15:29 of 2nd period - Shot by Marian Hossa.
15:29 of 2nd period - Shot Misses the Net.
15:31 of 2nd period - Shot by Bryan Little.
15:31 of 2nd period - Shot Misses the Net.
15:49 of 2nd period - Shot by Rick Nash.
15:49 of 2nd period - Shot Misses the Net.
15:51 of 2nd period - Shot by Bryan Little.
15:51 of 2nd period - Shot Misses the Net.
15:53 of 2nd period - Shot by Niklas Hjalmarsson.
15:53 of 2nd period - Stopped by Frederik Andersen without a rebound.
15:54 of 2nd period - Mark Scheifele wins face-off versus Damien Brunner in Flyers zone.
16:30 of 2nd period - Shot by Pascal Dupuis.
16:30 of 2nd period - Shot Misses the Net.
16:32 of 2nd period - Shot by Justin Braun.
16:32 of 2nd period - Stopped by Frederik Andersen without a rebound.
16:33 of 2nd period - Matt Duchene wins face-off versus Mike Ribeiro in Flyers zone.
16:49 of 2nd period - Icing by Niklas Hjalmarsson.
16:50 of 2nd period - Olli Jokinen wins face-off versus Matt Duchene in Panthers zone.
16:54 of 2nd period - Icing by Matt Duchene.
16:55 of 2nd period - Mike Ribeiro wins face-off versus Matt Duchene in Panthers zone.
17:34 of 2nd period - Off-side.
17:35 of 2nd period - Bryan Little wins face-off versus Damien Brunner in neutral zone.
19:38 of 2nd period - Minor Penalty to Danny DeKeyser for Hooking.
19:39 of 2nd period - Joel Ward wins face-off versus Henrik Zetterberg in Panthers zone.
Goals for this period are 2 for Flyers vs 2 for Panthers.
Shots for this period are 7 for Flyers vs 16 for Panthers.

3rd period


0:01 of 3rd period - Kyle Okposo wins face-off versus Henrik Zetterberg in neutral zone.
0:04 of 3rd period - Pascal Dupuis is hit by Joel Ward and loses puck.
0:43 of 3rd period - Shot by Tom Gilbert.
0:43 of 3rd period - Shot Blocked by Henrik Zetterberg.
1:07 of 3rd period - Shot by Kyle Brodziak.
1:07 of 3rd period - Shot Misses the Net.
1:09 of 3rd period - Shot by Kyle Brodziak.
1:09 of 3rd period - Stopped by Ben Bishop without a rebound.
1:10 of 3rd period - Bryan Little wins face-off versus Mike Ribeiro in Panthers zone.
1:23 of 3rd period - Shot by Mike Ribeiro.
1:23 of 3rd period - Shot Misses the Net.
1:25 of 3rd period - Shot by Mark Fistric.
1:25 of 3rd period - Stopped by Ben Bishop without a rebound.
1:26 of 3rd period - Kyle Okposo wins face-off versus Bryan Little in Panthers zone.
1:27 of 3rd period - Shot by Daniel Sedin.
1:27 of 3rd period - Shot Misses the Net.
1:29 of 3rd period - Shot by Dan Boyle.
1:29 of 3rd period - Stopped by Ben Bishop without a rebound.
1:30 of 3rd period - Henrik Zetterberg wins face-off versus Kyle Okposo in Panthers zone.
2:06 of 3rd period - Minor Penalty to Dan Hamhuis for Tripping.
2:07 of 3rd period - Henrik Zetterberg wins face-off versus Kyle Okposo in Panthers zone.
2:34 of 3rd period - Shot by Daniel Sedin.
2:34 of 3rd period - Shot Blocked by Danny DeKeyser.
2:36 of 3rd period - Shot by Daniel Sedin.
2:36 of 3rd period - Stopped by Ben Bishop without a rebound.
2:37 of 3rd period - Mike Ribeiro wins face-off versus Henrik Zetterberg in Panthers zone.
2:54 of 3rd period - Shot by Olli Jokinen.
2:54 of 3rd period - Stopped by Ben Bishop without a rebound.
2:55 of 3rd period - Kyle Okposo wins face-off versus Bryan Little in Panthers zone.
3:35 of 3rd period - Shot by Tom Gilbert.
3:35 of 3rd period - Stopped by Ben Bishop without a rebound.
3:36 of 3rd period - Mike Ribeiro wins face-off versus Bryan Little in Panthers zone.
3:37 of 3rd period - Shot by Marek Zidlicky.
3:37 of 3rd period - Shot Blocked by Danny DeKeyser.
3:53 of 3rd period - Shot by Marek Zidlicky.
3:53 of 3rd period - Shot Misses the Net.
4:05 of 3rd period - Shot by Marek Zidlicky.
4:05 of 3rd period - Shot Misses the Net.
4:07 of 3rd period - Shot by Dan Boyle.
4:07 of 3rd period - Stopped by Ben Bishop with a rebound.
4:09 of 3rd period - Shot by Damien Brunner.
4:09 of 3rd period - Stopped by Ben Bishop with a rebound.
4:25 of 3rd period - Shot by Mark Scheifele.
4:25 of 3rd period - Stopped by Frederik Andersen with a rebound.
4:28 of 3rd period - Icing by Dan Boyle.
4:29 of 3rd period - Bryan Little wins face-off versus Damien Brunner in Flyers zone.
4:34 of 3rd period - Shot by Bryan Little.
4:34 of 3rd period - Shot Blocked by Dan Boyle.
4:44 of 3rd period - Shot by Daniel Sedin.
4:44 of 3rd period - Stopped by Ben Bishop without a rebound.
4:45 of 3rd period - Mike Ribeiro wins face-off versus Matt Duchene in Panthers zone.
5:01 of 3rd period - Matt Duchene is hit by Marek Zidlicky.
5:23 of 3rd period - Shot by Matt Duchene.
5:23 of 3rd period - Shot Blocked by Philip Larsen.
5:25 of 3rd period - Shot by Matt Duchene.
5:25 of 3rd period - Stopped by Frederik Andersen without a rebound.
5:26 of 3rd period - Damien Brunner wins face-off versus Bryan Little in Flyers zone.
5:31 of 3rd period - Shot by Kyle Okposo.
5:31 of 3rd period - Shot Misses the Net.
6:02 of 3rd period - Damien Brunner is hit by Danny DeKeyser and loses puck.
6:32 of 3rd period - Shot by Gabriel Bourque.
6:32 of 3rd period - Shot Blocked by Danny DeKeyser.
7:30 of 3rd period - Justin Braun is hit by Mike Ribeiro and loses puck.
8:19 of 3rd period - Shot by Kyle Brodziak.
8:19 of 3rd period - Shot Misses the Net.
8:38 of 3rd period - Icing by Justin Braun.
8:39 of 3rd period - Damien Brunner wins face-off versus Matt Duchene in Panthers zone.
8:40 of 3rd period - Shot by Kyle Okposo.
8:40 of 3rd period - Shot Blocked by T.J. Brodie.
8:56 of 3rd period - Shot by Damien Brunner.
8:56 of 3rd period - Shot Misses the Net.
9:00 of 3rd period - Shot by Kyle Okposo.
9:00 of 3rd period - Stopped by Ben Bishop without a rebound.
9:01 of 3rd period - Bryan Little wins face-off versus Mike Ribeiro in Panthers zone.
9:01 of 3rd period - Bryan Little is hit by Dany Heatley.
9:04 of 3rd period - Icing by Marian Hossa.
9:05 of 3rd period - Bryan Little wins face-off versus Mike Ribeiro in Panthers zone.
9:27 of 3rd period - Joel Ward is hit by Danny DeKeyser and loses puck.
9:32 of 3rd period - Shot by Joel Ward.
9:32 of 3rd period - Stopped by Ben Bishop without a rebound.
9:33 of 3rd period - Damien Brunner wins face-off versus Patric Hornqvist in Panthers zone.
9:36 of 3rd period - Shot by Daniel Sedin.
9:36 of 3rd period - Stopped by Ben Bishop with a rebound.
9:55 of 3rd period - Shot by Hampus Lindholm.
9:55 of 3rd period - Shot Misses the Net.
10:10 of 3rd period - Shot by Patric Hornqvist.
10:10 of 3rd period - Stopped by Frederik Andersen without a rebound.
10:11 of 3rd period - Bryan Little wins face-off versus Mike Ribeiro in Flyers zone.
10:45 of 3rd period - Icing by Danny DeKeyser.
10:46 of 3rd period - Olli Jokinen wins face-off versus Bryan Little in Panthers zone.
11:25 of 3rd period - Shot by Mark Scheifele.
11:25 of 3rd period - Stopped by Frederik Andersen without a rebound.
11:26 of 3rd period - Nathan MacKinnon wins face-off versus Damien Brunner in Flyers zone.
11:31 of 3rd period - Shot by Henrik Zetterberg.
11:31 of 3rd period - Shot Blocked by Dan Boyle.
11:50 of 3rd period - Shot by Matt Duchene.
11:50 of 3rd period - Stopped by Frederik Andersen without a rebound.
11:51 of 3rd period - Mike Ribeiro wins face-off versus Mark Scheifele in Flyers zone.
12:16 of 3rd period - Philip Larsen is hit by Patric Hornqvist and loses puck.
13:06 of 3rd period - Icing by Matt Duchene.
13:07 of 3rd period - Matt Duchene wins face-off versus Damien Brunner in Panthers zone.
13:07 of 3rd period - Matt Duchene is hit by Daniel Sedin.
13:30 of 3rd period - Danny DeKeyser is hit by Carlo Colaiacovo and loses puck.
13:41 of 3rd period - Danny DeKeyser is hit by Daniel Sedin and loses puck.
14:05 of 3rd period - Icing by Mark Fistric.
14:06 of 3rd period - Olli Jokinen wins face-off versus Bryan Little in Flyers zone.
14:56 of 3rd period - Icing by T.J. Brodie.
14:57 of 3rd period - Mike Ribeiro wins face-off versus Bryan Little in Panthers zone.
15:12 of 3rd period - Shot by Mike Ribeiro.
15:12 of 3rd period - Shot Misses the Net.
15:14 of 3rd period - Shot by Joel Ward.
15:14 of 3rd period - Shot Misses the Net.
15:16 of 3rd period - Shot by Marek Zidlicky.
15:16 of 3rd period - Stopped by Ben Bishop without a rebound.
15:17 of 3rd period - Matt Duchene wins face-off versus Damien Brunner in Panthers zone.
16:25 of 3rd period - Shot by Patric Hornqvist.
16:25 of 3rd period - Shot Misses the Net.
16:51 of 3rd period - Shot by Patric Hornqvist.
16:51 of 3rd period - Stopped by Frederik Andersen with a rebound.
16:53 of 3rd period - Shot by Dan Hamhuis.
16:53 of 3rd period - Stopped by Frederik Andersen with a rebound.
17:39 of 3rd period - Shot by Gabriel Bourque.
17:39 of 3rd period - Shot Misses the Net.
17:41 of 3rd period - Shot by Jack Skille.
17:41 of 3rd period - Shot Blocked by T.J. Brodie.
18:10 of 3rd period - Shot by Nathan MacKinnon.
18:10 of 3rd period - Goal by Nathan MacKinnon - Flyers : 3 - Panthers : 4.
18:11 of 3rd period - Daniel Sedin wins face-off versus Matt Duchene in neutral zone.
18:18 of 3rd period - Shot by Kyle Okposo.
18:18 of 3rd period - Shot Blocked by Niklas Hjalmarsson.
18:48 of 3rd period - Shot by Nathan MacKinnon.
18:48 of 3rd period - Shot Misses the Net.
18:54 of 3rd period - Shot by Matt Duchene.
18:54 of 3rd period - Stopped by Frederik Andersen without a rebound.
18:55 of 3rd period - Mark Scheifele wins face-off versus Mike Ribeiro in Flyers zone.
19:11 of 3rd period - Shot by Ryane Clowe.
19:11 of 3rd period - Shot Hit the Post.
19:13 of 3rd period - Shot by Patric Hornqvist.
19:13 of 3rd period - Shot Misses the Net.
19:21 of 3rd period - Shot by Patric Hornqvist.
19:21 of 3rd period - Shot Misses the Net.
19:23 of 3rd period - Shot by Patric Hornqvist.
19:23 of 3rd period - Stopped by Frederik Andersen without a rebound.
19:24 of 3rd period - Bryan Little wins face-off versus Olli Jokinen in Flyers zone.
19:29 of 3rd period - Shot by Marian Hossa.
19:29 of 3rd period - Stopped by Frederik Andersen without a rebound.
19:30 of 3rd period - Bryan Little wins face-off versus Olli Jokinen in Flyers zone.
19:45 of 3rd period - Niklas Hjalmarsson is hit by Olli Jokinen and loses puck.
19:48 of 3rd period - Flyers, Frederik Andersen is pulled from the net.
19:57 of 3rd period - Shot by Daniel Sedin.
19:57 of 3rd period - Stopped by Ben Bishop without a rebound.
19:58 of 3rd period - Bryan Little wins face-off versus Olli Jokinen in Panthers zone.
Goals for this period are 0 for Flyers vs 1 for Panthers.
Shots for this period are 14 for Flyers vs 11 for Panthers.


Output by the SimonT Hockey Simulator (STHS) for Stephane Roy -- Original Page W3C XHTML 1.0 Valid
Hockey Simulator - Hockey Simulation - Hockey Manager